 Dungeon Crawl Stone Soup version 0.29.1-2-gbd0b4ee654 (webtiles) character file.

Game seed: 4637278289633995952

811 xian the Firebug (level 7, -9/48 HPs)
             Began as a Demonspawn Fire Elementalist on Nov 8, 2022.
             Was a Follower of Vehumet.
             Mangled by an orc warrior
             ... wielding a +0 battleaxe
              (11 damage)
             ... on level 6 of the Dungeon.
             The game lasted 00:19:43 (6108 turns).

xian the Firebug (Demonspawn Fire Elementalist)     Turns: 6108, Time: 00:19:45

Health: -9/48      AC:  4    Str:  8    XL:     7   Next: 61%
Magic:  12/12      EV: 15    Int: 25    God:    Vehumet [*.....]
Gold:   323        SH: 12    Dex: 13    Spells: 6/13 levels left

rFire   . . .      SeeInvis .   D - +0 hand axe (venom)
rCold   + . .      Faith    +   w - +0 kite shield {rC+}
rNeg    . . .      Spirit   .   a - +0 robe
rPois   .          Reflect  .   (no helmet)
rElec   .          Harm     .   (no cloak)
rCorr   .          Rampage  .   (no gloves)
Will    .....                   (no boots)
Stlth   ++........              m - amulet of faith
HPRegen 0.16/turn               t - +4 ring of evasion
MPRegen 0.13/turn               x - +6 ring of intelligence

@: no status effects
A: icy blue scales 1, demonic guardian 1, condensation shield
a: Renounce Religion


You were on level 6 of the Dungeon.
You worshipped Vehumet.
Vehumet was aware of your devotion.
You visited 2 branches of the dungeon, and saw 7 of its levels.

You collected 323 gold pieces.

Inventory:

Hand Weapons
 k - a +1 dagger of distortion
 D - a +0 hand axe of venom (weapon)
Missiles
 i - 10 poisoned darts
Armour
 a - a +0 robe (worn)
 w - a +0 kite shield of cold resistance (worn)
Jewellery
 m - an amulet of faith (around neck)
 t - a +4 ring of evasion (left hand)
 x - a +6 ring of intelligence (right hand)
 y - a ring of ice
 C - a ring of poison resistance
Wands
 o - a wand of paralysis (7)
Scrolls
 c - a scroll of summoning {unknown}
 e - 2 scrolls of vulnerability {unknown}
 f - 6 scrolls of identify
 h - 2 scrolls of teleportation
 j - a scroll of silence {unknown}
 l - a scroll of fog {unknown}
 p - 2 scrolls of poison {unknown}
 s - 2 scrolls of magic mapping {unknown}
 u - a scroll of enchant weapon {unknown}
 v - a scroll of immolation {unknown}
 A - a scroll of enchant armour {unknown}
 B - a scroll of amnesia {unknown}
Potions
 b - a potion of magic
 g - 2 potions of degeneration {unknown}
 n - 4 potions of curing {unknown}
 q - a potion of attraction {unknown}
 r - a potion of brilliance {unknown}
 z - 2 potions of invisibility {unknown}


   Skills:
 + Level 1.5 Fighting
 + Level 1.8 Short Blades
 + Level 2.8 Dodging
 + Level 2.7 Stealth
 * Level 3.0 Shields
 + Level 3.7 Spellcasting
 + Level 3.2 Conjurations
 + Level 4.5 Fire Magic


You had 6 spell levels left.
You knew the following spells:

 Your Spells              Type           Power      Damage    Failure   Level
a - Foxfire               Conj/Fire      96%        2x1d8     6%          1
b - Scorch                Fire           54%        2d8       7%          2
c - Flame Wave            Conj/Fire      24%        2d8       50%         4

Your spell library contained the following spells:

 Spells                   Type           Power      Damage    Failure   Level
 Freeze                   Ice            16%        1d4       28%         1
 Conjure Flame            Conj/Fire      24%        6-21      17%         3
 Inner Flame              Hex/Fire       15%        N/A       34%         3
 Frozen Ramparts          Ice            8%         1d2       65%         3
 Gell's Gravitas          Tloc           4%         N/A       65%         3
 Lesser Beckoning         Tloc           4%         N/A       65%         3
 Teleport Other           Tloc           4%         N/A       65%         3
 Ice Form                 Ice/Tmut       4%         N/A       96%         4
 Summon Ice Beast         Ice/Summ       4%         N/A       96%         4


Dungeon Overview and Level Annotations

Branches:
Dungeon (6/15)             Temple (1/1) D:4

Altars:
Dithmenos
Gozag
Hepliaklqana
Makhleb
Nemelex Xobeh
Okawaru
Qazlal
Trog
Uskayaw
Vehumet
Xom
Yredelemnul

Shops:
D:4 (


Innate Abilities, Weirdness & Mutations

You are partially covered in icy blue scales. (AC +2)
A weak demonic guardian rushes to your aid.
A meltable shield of frost defends you. (SH +4)


Message History

The orc warrior shoots a bolt.
You block the bolt.
Okay, then.
As you read the scroll labelled GEXZEW DIJUA, it crumbles to dust.
It is a scroll of identify.
h - 3 scrolls of teleportation The orc warrior shoots a bolt.
The bolt barely misses you.
As you read the scroll of teleportation, it crumbles to dust.
You feel strangely unstable.
The orc warrior shoots a bolt.
You block the bolt.
Your surroundings suddenly seem different.
You start resting.
Magic restored.
You start resting.
HP restored.
Found a stone staircase leading up.
You now have 322 gold pieces (gained 10).
Found a stone.
Found a leather armour.
i - 10 poisoned darts (gained 2)
You now have 323 gold pieces (gained 1).
Found 9 stones.
An orc warrior is nearby!
The orc warrior shouts!
The orc warrior shoots a bolt.
The bolt hits you!
The orc warrior shoots a bolt.
You block the bolt.
The orc warrior shoots a bolt.
You block the bolt.
The orc warrior shoots a bolt.
You block the bolt.
You barely miss the orc warrior.
The orc warrior unwields a +0 arbalest.
The orc warrior wields a +0 battleaxe.
The orc warrior hits you with a +0 battleaxe!!
A demonic guardian appears!
You closely miss the orc warrior. You block the orc warrior's attack.
You hit the orc warrior.
The orc warrior is poisoned.
The orc warrior is lightly wounded.
The orc warrior hits you with a +0 battleaxe!
* * * LOW HITPOINT WARNING * * *
The orc warrior closely misses your ufetubus.
Your ufetubus hits the orc warrior but does no damage. x2
The orc warrior hits you with a +0 battleaxe!
You die...

#...#...............##.####.####.
..###.<.............##.####.###
### #...............##.##.....#
#...............##.##.###.# #
#.....................# ...
#.##............(..##.##.# ##.
#..(..............##.##...
##................##.####.#
#.#.........5@...##.# ##.#
#.#.........o....##.. ...
#.#..............#### #.##
#.##.............#######.##### ##
#.......................... #.
#.......................... #.
##.........................)
#.##...........................
#............................#


You could see an orc warrior (very poisoned, ally target) and a friendly
ufetubus (summoned).

Vanquished Creatures
  A black bear (D:5)
  2 phantoms (D:5)
  A necrophage (D:6)
  A scorpion (D:4)
  An orc priest (D:5)
  A jelly (D:5)
  3 iguanas
  Natasha (twice) (D:2)
  2 orc wizards
  3 gnolls (D:6)
  9 adders
  A white imp (D:5)
  2 dart slugs
  16 orcs
  6 endoplasms
  3 giant cockroaches
  6 hobgoblins
  5 jackals
  2 kobolds
  4 quokkas
  5 ball pythons
  6 bats
  6 frilled lizards
  5 goblins
  5 rats
98 creatures vanquished.

Vanquished Creatures (others)
  308 foxfires
  A fungus (D:1)
  A plant (D:1)
310 creatures vanquished.

Grand Total: 408 creatures vanquished

Notes
Turn   | Place    | Note
-------+----------+-------------------------------------------
     0 | D:1      | xian the Demonspawn Fire Elementalist began the quest for
                  | the Orb.
     0 | D:1      | Reached XP level 1. HP: 13/13 MP: 3/3
   210 | D:1      | Reached skill level 3 in Fire Magic
   215 | D:1      | Gained mutation: You are partially covered in icy blue
                  | scales. (AC +2) [demonic ancestry]
   215 | D:1      | Reached XP level 2. HP: 9/19 MP: 1/5
   780 | D:1      | Found a faded altar of an unknown god.
   891 | D:1      | Reached XP level 3. HP: 19/25 MP: 6/6
  1452 | D:2      | Reached skill level 1 in Short Blades
  1685 | D:2      | Noticed Natasha
  1752 | D:2      | Reached skill level 1 in Fighting
  1756 | D:2      | Killed Natasha
  1757 | D:2      | Reached XP level 4. HP: 19/32 MP: 0/7
  1936 | D:2      | Noticed Natasha
  1952 | D:2      | Killed Natasha
  2301 | D:3      | Learned a level 2 spell: Scorch
  2306 | D:3      | Learned a level 4 spell: Flame Wave
  2672 | D:3      | Found a shadowy altar of Dithmenos.
  3103 | D:3      | Gained mutation: A weak demonic guardian rushes to your
                  | aid. [demonic ancestry]
  3103 | D:3      | Reached XP level 5. HP: 37/37 MP: 8/8
  3134 | D:3      | Found a stormy altar of Qazlal.
  3444 | D:4      | Found Plog's Antique Weapon Shop.
  3459 | D:4      | Reached skill level 1 in Shields
  3491 | D:4      | Found a bloodstained altar of Trog.
  3672 | D:4      | Found a staircase to the Ecumenical Temple.
  3700 | Temple   | Entered the Ecumenical Temple
  3730 | Temple   | Became a worshipper of Vehumet
  3784 | D:4      | Reached XP level 6. HP: 39/43 MP: 2/10
  4093 | D:5      | Entered Level 5 of the Dungeon
  4232 | D:5      | Gained mutation: A meltable shield of frost defends you.
                  | (SH +4) [demonic ancestry]
  4232 | D:5      | Reached XP level 7. HP: 48/48 MP: 1/12
  4374 | D:5      | Reached skill level 4 in Fire Magic
  4838 | D:5      | Reached * piety under Vehumet
  4838 | D:5      | Offered knowledge of Freeze by Vehumet.
  6108 | D:6      | HP: 2/48 [orc warrior/+0 battleaxe (17)]
  6108 | D:6      | Mangled by an orc warrior

Illustrated notes

Levels and vault maps discovered:
D:1:      shiori_arrival_maze, layout_rooms, shapermc_ecumenical_altar_gd
D:2:      layout_loops_ring, nicolae_kite_square_tiling_tiny, uniq_natasha
D:3:      layout_loops_ring, nicolae_qazlal_scattered_showers,
          lemuel_crystal_altar, minmay_circle_x
D:4:      layout_cave_pools, trog_three_pillars_becter, temple_hall,
          serial_shops, shop
D:5:      nicolae_BIG_FREAKIN_CUBE, layout_gridville
D:6:      minmay_razor_zed, layout_layer_cave, roderic_nine_men_s_morris,
          patterned_corridor
Temple:   nicolae_temple_ecumenical_triangle

Skill      XL: |  1  2  3  4  5  6  7 |
---------------+----------------------+-----
Fire Magic     | 3 4 |  4.5
Dodging        | 2 |  2.8
Short Blades   | 1 |  1.8
Fighting       | 1 |  1.5
Stealth        | 2 |  2.7
Conjurations   | 2 3 |  3.2
Shields        | 1 2 3 |  3.0
Spellcasting   | 3 |  3.7

Action                   |  1- 3 |  4- 6 |  7- 9 || total
-------------------------+-------+-------+-------++-------
Melee: Short sword       |   136 |    27 |       ||   163
       Punch             |     2 |       |       ||     2
       Hand axe          |       |       |     3 ||     3
 Cast: Foxfire           |    21 |    78 |    77 ||   176
       Scorch            |       |     6 |     3 ||     9
  Use: Scroll            |       |       |     2 ||     2
 Stab: Sleeping          |     3 |     3 |       ||     6
Armor: Robe              |    48 |    14 |       ||    62
Dodge: Dodged            |   123 |    43 |     5 ||   171
Block: Kite shield       |       |    26 |    17 ||    43
